Bridgeport Sound Tigers vs Manitoba Moose

Created - 13 mars 2020 at 21:42

Goals
1 2 3 T
Bridgeport Sound Tigers 1 2 1 4
Manitoba Moose 1 1 0 2
Shots
1 2 3 T
Bridgeport Sound Tigers 7 17 10 34
Manitoba Moose 12 23 16 51

1st period

1. Bridgeport Sound Tigers , Michael Bunting 36 (Michael Spacek 16) at 10:09
2. Manitoba Moose , Matt Lorito 17 (Jan Kovar 17, Pierre Engvall 21) at 18:03

Penalties :
Andrew O'Brien (SND) for Holding (Minor) at 6:00

2nd period

3. Bridgeport Sound Tigers , Mathieu Olivier 8 (Michael Bunting 26, Michael Spacek 17) at 6:23
4. Bridgeport Sound Tigers , Brendan Leipsic 12 (Drake Batherson 51, Nicholas Caamano 22) at 6:35
5. Manitoba Moose , Shane Gersich 13 (Tom Pyatt 27) at 15:16

Penalties :
Chris Thorburn (MOO) for Fighting (Major) at 7:38, Michael Spacek (SND) for Fighting (Major) at 7:38, Pierre Engvall (MOO) for Fighting (Major) at 11:04, Nicholas Caamano (SND) for Fighting (Major) at 11:04, Guillaume Brisebois (MOO) for Fighting (Major) at 14:12, Joni Tuulola (SND) for Fighting (Major) at 14:12, Matt Roy (SND) for Tripping (Minor) at 16:13

3rd period

6. Bridgeport Sound Tigers , Brendan Leipsic 13 (Drake Batherson 52, Ryan Lomberg 24) at 6:53

Penalties :
Andrew O'Brien (SND) for High sticking (Minor) at 2:04, Brendan Leipsic (SND) for Hooking (Minor) at 12:07, Shane Gersich (MOO) for Fighting (Major) at 15:06, Steven Lorentz (SND) for Fighting (Major) at 15:06, Matt Grzelcyk (MOO) for Holding (Minor) at 18:43

Goalie Stats

Josef Korenar (SND), 49 saves from 51 shots - (0,961), W, 9-4-1, 60:00 minutes
Atte Tolvanen (MOO), 30 saves from 34 shots - (0,882), L, 27-14-4, 60:00 minutes

Players Stats for Bridgeport Sound Tigers

Player Name              G  A  P  +/- PIM S  H  SB GA TA FO     MP     PP MP  PK MP  
------------------------------------------------------------------------------------
Andrew O'Brien           0  0  0   0  4   0  1  1  0  0  0/0    12:54   0:00   1:16 
Brendan Leipsic          2  0  2   1  2   4  2  4  1  0  2/2    20:43   0:44   2:58 
Drake Batherson          0  2  2   1  0   3  1  0  2  0  15/38  25:12   0:44   3:53 
Evan McEneny             0  0  0   2  0   4  2  0  0  1  0/0    28:25   0:54   4:19 
Jacob Middleton          0  0  0   1  0   0  1  1  0  0  0/0    20:13   0:22   3:37 
Joni Tuulola             0  0  0   1  5   2  2  0  0  0  0/0    18:06   0:22   2:20 
Joona Koppanen           0  0  0   0  0   0  1  0  0  0  1/2     7:02   0:00   2:15 
Justin Dowling           0  0  0   0  0   3  0  1  3  3  4/10   19:32   0:32   1:59 
Justin Scott             0  0  0   0  0   0  2  0  0  0  0/0    16:21   0:32   0:00 
Mathieu Olivier          1  0  1   1  0   2  1  0  0  0  0/0    12:29   0:00   0:00 
Matt Roy                 0  0  0   1  2   4  3  3  1  0  0/0    28:16   0:54   3:37 
Michael Bunting          1  1  2   1  0   9  1  0  0  0  0/0    14:14   0:00   0:48 
Michael Spacek           0  2  2   1  5   1  1  2  2  0  8/10   14:11   0:00   2:24 
Nicholas Caamano         0  1  1   1  5   0  2  1  0  0  1/2    15:36   0:44   1:35 
Par Lindholm             0  0  0   0  0   0  0  0  0  1  2/3    16:21   0:32   0:00 
Patrick Sieloff          0  0  0  -1  0   0  0  1  0  0  0/0    12:24   0:00   0:43 
Ryan Lomberg             0  1  1   0  0   2  0  0  0  0  0/0     5:10   0:00   0:00 
Steven Lorentz           0  0  0   0  5   0  0  0  0  0  2/4     4:47   0:00   0:00 

Players Stats for Manitoba Moose

Player Name              G  A  P  +/- PIM S  H  SB GA TA FO     MP     PP MP  PK MP  
------------------------------------------------------------------------------------
Andreas Borgman          0  0  0  -1  0   0  0  0  0  0  0/0    13:51   3:44   0:00 
Brian Lashoff            0  0  0   1  0   1  0  0  0  0  0/0    11:11   0:00   0:18 
Chris Thorburn           0  0  0  -1  5   3  1  0  0  0  1/3    11:32   0:00   0:31 
Colin Greening           0  0  0   0  0   2  1  0  0  0  0/0    12:07   0:05   0:45 
David Warsofsky          0  0  0   0  0   1  1  1  0  0  0/0    15:55   4:07   0:58 
Denis Gurianov           0  0  0   0  0   5  3  1  1  0  2/3    21:07   4:15   0:00 
Gerald Mayhew            0  0  0   0  0   7  0  1  0  0  16/26  20:56   4:20   0:00 
Guillaume Brisebois      0  0  0  -1  5   0  0  0  0  0  0/0    11:18   2:17   0:00 
Jake Walman              0  0  0   0  0   1  0  0  0  3  0/0    14:57   4:07   0:00 
Jan Kovar                0  1  1  -1  0   5  3  1  0  0  7/14   15:18   3:36   0:00 
Luke Gazdic              0  0  0  -1  0   6  1  0  1  0  0/0    11:30   0:00   0:31 
Matt Bartkowski          0  0  0   1  0   1  0  1  0  0  0/0    10:21   0:00   0:18 
Matt Grzelcyk            0  0  0  -2  2   2  1  2  0  1  0/0    21:34   1:32   0:00 
Matt Hendricks           0  0  0   0  0   2  1  1  1  1  0/2    20:41   4:15   0:00 
Matt Lorito              1  0  1  -1  0   4  0  3  1  0  0/1    15:23   3:36   0:00 
Pierre Engvall           0  1  1  -1  5   0  2  0  0  1  0/0    13:40   3:36   0:00 
Sean Malone              0  0  0  -1  0   3  0  0  0  0  5/10   10:59   0:00   0:00 
Shane Gersich            1  0  1   0  5   4  3  0  0  0  4/9    13:01   0:05   0:00 
Tom Pyatt                0  1  1   0  0   2  0  0  0  0  1/3    12:27   0:00   0:45 
Victor Mete              0  0  0  -2  0   2  0  1  1  3  0/0    20:51   0:05   0:58 

3 Stars

1 - Josef Korenar (SND)
2 - Brendan Leipsic (SND)
3 - Michael Bunting (SND)

Power Play

Bridgeport Sound Tigers - 0 on 1 Attempt(s) - 0,00%
Manitoba Moose - 0 on 4 Attempt(s) - 0,00%

Penalty Kill

Bridgeport Sound Tigers - 4 on 4 Attempt(s) - 100,00% - Score 0 goal in Penalty Kill
Manitoba Moose - 1 on 1 Attempt(s) - 100,00% - Score 0 goal in Penalty Kill

Team Stat

Bridgeport Sound Tigers - Hits : 20 - Faceoff Wins : 35 - Blocked Shots : 14 - Penalty Minutes : 28
Manitoba Moose - Hits : 17 - Faceoff Wins : 36 - Blocked Shots : 12 - Penalty Minutes : 22

Official

Referees : Graham Skiliter and Kyle Rehman
Linesman : Brad Kovachik and Steve Miller

Game Notes

Chris Thorburn and Michael Spacek fight to a draw at 7:38 of 2nd period
Pierre Engvall beats up Nicholas Caamano at 11:04 of 2nd period
Guillaume Brisebois and Joni Tuulola fight to a draw at 14:12 of 2nd period
Shane Gersich beats up Steven Lorentz at 15:06 of 3rd period

Finance

Level 1 -- Attendance: 1419 (70,95%) -- Ticket Income 49 665 $
Level 2 -- Attendance: 743 (74,30%) -- Ticket Income 11 145 $
Total Attendance: 2162 (72,07%)
Total Ticket Income: 60 810 $
Other Income: 29 797 $
Total Income: 90 607 $

Bridgeport Sound Tigers

5 vs 5 Forward 
   Center                   Left Wing                Right Wing               Time % Phy DF OF 
 1 Drake Batherson          Brendan Leipsic          Nicholas Caamano         40     1   2  2  
 2 Justin Dowling           Par Lindholm             Justin Scott             30     1   2  2  
 3 Michael Spacek           Michael Bunting          Mathieu Olivier          20     1   2  2  
 4 Steven Lorentz           Ryan Lomberg             Drake Batherson          10     1   2  2  

5 vs 5 Defense 
   Defense                  Defense                                           Time % Phy DF OF 
 1 Matt Roy                 Evan McEneny                                      40     1   2  2  
 2 Jacob Middleton          Joni Tuulola                                      30     1   2  2  
 3 Patrick Sieloff          Andrew O'Brien                                    20     1   2  2  
 4 Matt Roy                 Evan McEneny                                      10     1   2  2  

PowerPlay Forward 
   Center                   Left Wing                Right Wing               Time % Phy DF OF 
 1 Drake Batherson          Brendan Leipsic          Nicholas Caamano         60     1   2  2  
 2 Justin Dowling           Par Lindholm             Justin Scott             40     1   2  2  

PowerPlay Defense
   Defense                  Defense                                           Time % Phy DF OF 
 1 Matt Roy                 Evan McEneny                                      60     1   2  2  
 2 Jacob Middleton          Joni Tuulola                                      40     1   2  2  

Penalty Kill 4 Players Forward 
   Center                   Wing                     Time % Phy DF OF 
 1 Drake Batherson          Brendan Leipsic          60     1   2  2  
 2 Justin Dowling           Nicholas Caamano         40     1   2  2  

Penalty Kill 4 Players Defense
   Defense                  Defense                  Time % Phy DF OF 
 1 Matt Roy                 Evan McEneny             60     1   2  2  
 2 Jacob Middleton          Joni Tuulola             40     1   2  2  

Penalty Kill - 3 Players Forward 
   Forward                                           Time % Phy DF OF 
 1 Drake Batherson                                   60     1   2  2  
 2 Brendan Leipsic                                   40     1   2  2  

Penalty Kill - 3 Players Defense
   Defense                  Defense                  Time % Phy DF OF 
 1 Matt Roy                 Evan McEneny             60     1   2  2  
 2 Jacob Middleton          Joni Tuulola             40     1   2  2  

4 vs 4 Forward 
   Center                   Wing                     Time % Phy DF OF 
 1 Drake Batherson          Brendan Leipsic          60     1   2  2  
 2 Justin Dowling           Nicholas Caamano         40     1   2  2  

4 vs 4 Defense
   Defense                  Defense                  Time % Phy DF OF 
 1 Matt Roy                 Evan McEneny             60     1   2  2  
 2 Jacob Middleton          Joni Tuulola             40     1   2  2  

Last Minutes Offensive
   Center                   Left Wing                Right Wing               Defense                  Defense                  
   Drake Batherson          Brendan Leipsic          Nicholas Caamano         Matt Roy                 Evan McEneny             

Last Minutes Defensive
   Center                   Left Wing                Right Wing               Defense                  Defense                  
   Drake Batherson          Brendan Leipsic          Nicholas Caamano         Matt Roy                 Evan McEneny             

Goaltenders
Starting : Josef Korenar            
Backup : C.J. Motte               

Extra Forwards
Normal : Joona Koppanen, Michael Bunting, Michael Spacek - PP : Joona Koppanen, Michael Bunting - PK : Michael Spacek
Extra Defensemen
Normal : Patrick Sieloff, Andrew O'Brien, Jacob Middleton - PP : Patrick Sieloff - PK : Andrew O'Brien, Jacob Middleton
Penalty Shots
Drake Batherson, Brendan Leipsic, Justin Dowling, Nicholas Caamano, Par Lindholm

Scratches
Kerby Rychel (Healthy), Ty Rattie (Healthy), Dylan Sadowy (Healthy), Filip Sandberg (Healthy), Harri Sateri (Healthy)
Colton Phinney (Healthy)

Manitoba Moose

5 vs 5 Forward 
   Center                   Left Wing                Right Wing               Time % Phy DF OF 
 1 Gerald Mayhew            Denis Gurianov           Matt Hendricks           34     1   2  2  
 2 Jan Kovar                Matt Lorito              Pierre Engvall           22     1   2  2  
 3 Shane Gersich            Colin Greening           Tom Pyatt                22     1   2  2  
 4 Sean Malone              Luke Gazdic              Chris Thorburn           22     1   2  2  

5 vs 5 Defense 
   Defense                  Defense                                           Time % Phy DF OF 
 1 Matt Grzelcyk            Victor Mete                                       40     0   0  5  
 2 Guillaume Brisebois      Andreas Borgman                                   20     1   2  2  
 3 Jake Walman              David Warsofsky                                   20     1   2  2  
 4 Brian Lashoff            Matt Bartkowski                                   20     1   2  2  

PowerPlay Forward 
   Center                   Left Wing                Right Wing               Time % Phy DF OF 
 1 Gerald Mayhew            Denis Gurianov           Matt Hendricks           50     1   2  2  
 2 Jan Kovar                Matt Lorito              Pierre Engvall           50     1   2  2  

PowerPlay Defense
   Defense                  Defense                                           Time % Phy DF OF 
 1 Jake Walman              David Warsofsky                                   50     1   2  2  
 2 Guillaume Brisebois      Andreas Borgman                                   50     1   2  2  

Penalty Kill 4 Players Forward 
   Center                   Wing                     Time % Phy DF OF 
 1 Chris Thorburn           Luke Gazdic              50     1   2  2  
 2 Tom Pyatt                Colin Greening           50     1   2  2  

Penalty Kill 4 Players Defense
   Defense                  Defense                  Time % Phy DF OF 
 1 Matt Grzelcyk            Victor Mete              70     1   2  2  
 2 Brian Lashoff            Matt Bartkowski          30     1   2  2  

Penalty Kill - 3 Players Forward 
   Forward                                           Time % Phy DF OF 
 1 Shane Gersich                                     50     1   2  2  
 2 Sean Malone                                       50     1   2  2  

Penalty Kill - 3 Players Defense
   Defense                  Defense                  Time % Phy DF OF 
 1 Matt Grzelcyk            Victor Mete              70     1   2  2  
 2 Brian Lashoff            Matt Bartkowski          30     1   2  2  

4 vs 4 Forward 
   Center                   Wing                     Time % Phy DF OF 
 1 Gerald Mayhew            Tom Pyatt                50     1   2  2  
 2 Sean Malone              Chris Thorburn           50     1   2  2  

4 vs 4 Defense
   Defense                  Defense                  Time % Phy DF OF 
 1 Andreas Borgman          Matt Grzelcyk            50     1   2  2  
 2 Guillaume Brisebois      Victor Mete              50     1   2  2  

Last Minutes Offensive
   Center                   Left Wing                Right Wing               Defense                  Defense                  
   Gerald Mayhew            Shane Gersich            Denis Gurianov           Victor Mete              Matt Grzelcyk            

Last Minutes Defensive
   Center                   Left Wing                Right Wing               Defense                  Defense                  
   Chris Thorburn           Tom Pyatt                Denis Gurianov           Victor Mete              Matt Grzelcyk            

Goaltenders
Starting : Atte Tolvanen            
Backup : Evan Cormier             

Extra Forwards
Normal : Shane Gersich, Denis Gurianov, Gerald Mayhew - PP : Shane Gersich, Colin Greening - PK : Shane Gersich
Extra Defensemen
Normal : Andreas Borgman, Brian Lashoff, Matt Bartkowski - PP : Matt Grzelcyk - PK : David Warsofsky, Jake Walman
Penalty Shots
Denis Gurianov, Shane Gersich, Gerald Mayhew, Colin Greening, Pierre Engvall

Scratches
Matt Beleskey (Healthy), Urho Vaakanainen (Fractured Metatarsal (Right Foot) Injury), Thomas Schemitsch (Healthy), Zach Magwood (Healthy), Chase Pearson (Healthy)
Christopher Gibson (Healthy)

% Time on Ice - Bridgeport Sound Tigers

Lines # - Real PCT - Wanted PCT - Time Play
Normal Forward
1 - 34% - 40% - 17:05
2 - 32% - 30% - 16:04
3 - 25% - 20% - 12:29
4 - 10% - 10% - 5:10
Normal Defense
1 - 40% - 40% - 20:05
2 - 32% - 30% - 16:29
3 - 21% - 20% - 10:30
4 - 7% - 10% - 3:44
PP Forward
1 - 58% - 60% - 0:44
2 - 42% - 40% - 0:32
PP Defense
1 - 71% - 60% - 0:54
2 - 29% - 40% - 0:22
PK Forward
1 - 80% - 60% - 6:21
2 - 20% - 40% - 1:35
PK Defense
1 - 58% - 60% - 4:36
2 - 42% - 40% - 3:20
PK3 Forward
1 - 0% - 60%
2 - 0% - 40%
PK3 Defense
1 - 0% - 60%
2 - 0% - 40%
44 Forward
1 - 0% - 60%
2 - 0% - 40%
44 Defense
1 - 0% - 60%
2 - 0% - 40%
Last Minute Offensive  - 0:00
Last Minute Defensive  - 0:00
Total
Forward - 60:00
Defense - 60:00

% Time on Ice - Manitoba Moose

Lines # - Real PCT - Wanted PCT - Time Play
Normal Forward
1 - 32% - 34% - 16:14
2 - 24% - 22% - 12:20
3 - 22% - 22% - 11:15
4 - 22% - 22% - 10:59
Normal Defense
1 - 41% - 40% - 20:42
2 - 20% - 20% - 10:24
3 - 19% - 20% - 9:39
4 - 20% - 20% - 10:03
PP Forward
1 - 55% - 50% - 4:20
2 - 45% - 50% - 3:36
PP Defense
1 - 52% - 50% - 4:07
2 - 48% - 50% - 3:49
PK Forward
1 - 41% - 50% - 0:31
2 - 59% - 50% - 0:45
PK Defense
1 - 76% - 70% - 0:58
2 - 24% - 30% - 0:18
PK3 Forward
1 - 0% - 50%
2 - 0% - 50%
PK3 Defense
1 - 0% - 70%
2 - 0% - 30%
44 Forward
1 - 0% - 50%
2 - 0% - 50%
44 Defense
1 - 0% - 50%
2 - 0% - 50%
Last Minute Offensive  - 0:00
Last Minute Defensive  - 0:00
Total
Forward - 60:00
Defense - 60:00

Play-by-Play

1st period


0:01 of 1st period - Nicholas Caamano wins face-off versus Matt Hendricks in neutral zone.
0:12 of 1st period - Slapshot by Matt Grzelcyk.
0:12 of 1st period - Deflect By Denis Gurianov.
0:12 of 1st period - Shot Blocked by Matt Roy.
0:12 of 1st period - Puck is out of play.
0:13 of 1st period - Jan Kovar wins face-off versus Justin Dowling in Bridgeport Sound Tigers zone.
0:29 of 1st period - Slapshot by Matt Lorito.
0:29 of 1st period - Shot Misses the Net.
0:39 of 1st period - Andreas Borgman is hit by Michael Bunting and loses puck.
0:46 of 1st period - Backhand shot by Michael Spacek.
0:46 of 1st period - Shot Misses the Net.
1:22 of 1st period - Wrist shot by Luke Gazdic.
1:22 of 1st period - Shot Misses the Net.
1:27 of 1st period - Off-side.
1:28 of 1st period - Steven Lorentz wins face-off versus Gerald Mayhew in neutral zone.
1:35 of 1st period - Snap shot by Ryan Lomberg.
1:35 of 1st period - Shot Blocked by Matt Grzelcyk.
2:07 of 1st period - Wrist shot by Michael Bunting.
2:07 of 1st period - Stopped by Atte Tolvanen with a rebound.
2:19 of 1st period - Matt Roy is hit by David Warsofsky.
2:43 of 1st period - Slapshot by Luke Gazdic.
2:43 of 1st period - Deflect By Chris Thorburn.
2:43 of 1st period - Shot Misses the Net.
2:43 of 1st period - Puck is out of play.
2:44 of 1st period - Sean Malone wins face-off versus Drake Batherson in Bridgeport Sound Tigers zone.
2:45 of 1st period - Snap shot by Luke Gazdic.
2:45 of 1st period - Shot Misses the Net.
3:07 of 1st period - Justin Scott is hit by Matt Hendricks and loses puck.
3:14 of 1st period - Wrist shot by Denis Gurianov.
3:14 of 1st period - Stopped by Josef Korenar with a rebound.
3:18 of 1st period - Wrist shot by Gerald Mayhew.
3:18 of 1st period - Shot Misses the Net.
3:36 of 1st period - Snap shot by Michael Spacek.
3:36 of 1st period - Shot Misses the Net.
3:38 of 1st period - Slapshot by Patrick Sieloff.
3:38 of 1st period - Shot Blocked by Victor Mete.
3:40 of 1st period - Snap shot by Mathieu Olivier.
3:40 of 1st period - Shot Misses the Net.
4:28 of 1st period - Snap shot by Michael Bunting.
4:28 of 1st period - Shot Misses the Net.
4:30 of 1st period - Slapshot by Joni Tuulola.
4:30 of 1st period - Stopped by Atte Tolvanen with a rebound.
5:01 of 1st period - Wrist shot by Par Lindholm.
5:01 of 1st period - Shot Blocked by Matt Lorito.
5:11 of 1st period - Matt Roy is hit by Colin Greening and loses puck.
5:23 of 1st period - Icing by Tom Pyatt.
5:24 of 1st period - Michael Spacek wins face-off versus Shane Gersich in Manitoba Moose zone.
6:00 of 1st period - Minor Penalty to Andrew O'Brien for Holding.
6:01 of 1st period - Drake Batherson wins face-off versus Gerald Mayhew in Bridgeport Sound Tigers zone.
6:39 of 1st period - Wrist shot by Jan Kovar.
6:39 of 1st period - Shot Misses the Net.
6:41 of 1st period - Snap shot by Matt Lorito.
6:41 of 1st period - Shot Misses the Net.
6:43 of 1st period - Wrist shot by Matt Lorito.
6:43 of 1st period - Shot Blocked by Nicholas Caamano.
7:02 of 1st period - Icing by Pierre Engvall.
7:03 of 1st period - Michael Spacek wins face-off versus Jan Kovar in Manitoba Moose zone.
7:04 of 1st period - Slapshot by Matt Roy.
7:04 of 1st period - Shot Misses the Net.
7:10 of 1st period - Wrist shot by Michael Spacek.
7:10 of 1st period - Shot Blocked by Jan Kovar.
7:28 of 1st period - Justin Dowling is hit by Denis Gurianov and loses puck.
8:00 of 1st period - Penalty to Andrew O'Brien is over, Andrew O'Brien is back on ice.
8:09 of 1st period - Backhand shot by Luke Gazdic.
8:09 of 1st period - Shot Blocked by Michael Spacek.
8:11 of 1st period - Snap shot by Chris Thorburn.
8:11 of 1st period - Shot Misses the Net.
8:13 of 1st period - Backhand shot by Sean Malone.
8:13 of 1st period - Stopped by Josef Korenar without a rebound.
8:14 of 1st period - Michael Spacek wins face-off versus Chris Thorburn in Bridgeport Sound Tigers zone.
8:35 of 1st period - Sean Malone is hit by Michael Spacek and loses puck.
8:56 of 1st period - Snap shot by Luke Gazdic.
8:56 of 1st period - Stopped by Josef Korenar without a rebound.
8:57 of 1st period - Gerald Mayhew wins face-off versus Drake Batherson in Bridgeport Sound Tigers zone.
9:02 of 1st period - Slapshot by Gerald Mayhew.
9:02 of 1st period - Stopped by Josef Korenar without a rebound.
9:03 of 1st period - Denis Gurianov wins face-off versus Drake Batherson in Bridgeport Sound Tigers zone.
9:06 of 1st period - Snap shot by Denis Gurianov.
9:06 of 1st period - Shot Misses the Net.
9:08 of 1st period - Backhand shot by Andreas Borgman.
9:08 of 1st period - Shot Misses the Net.
9:10 of 1st period - Wrist shot by Denis Gurianov.
9:10 of 1st period - Deflect By Matt Hendricks.
9:10 of 1st period - Stopped by Josef Korenar without a rebound.
9:11 of 1st period - Gerald Mayhew wins face-off versus Drake Batherson in Bridgeport Sound Tigers zone.
9:12 of 1st period - Snap shot by Denis Gurianov.
9:12 of 1st period - Shot Misses the Net.
9:36 of 1st period - Jan Kovar is hit by Evan McEneny and loses puck.
9:41 of 1st period - Wrist shot by Justin Dowling.
9:41 of 1st period - Shot Misses the Net.
10:09 of 1st period - Wrist shot by Michael Bunting.
10:09 of 1st period - Goal by Michael Bunting - Bridgeport Sound Tigers : 1 - Manitoba Moose : 0.
10:10 of 1st period - Gerald Mayhew wins face-off versus Drake Batherson in neutral zone.
10:36 of 1st period - Matt Roy is hit by Jan Kovar and loses puck.
10:48 of 1st period - Jacob Middleton is hit by Jan Kovar and loses puck.
11:27 of 1st period - Michael Spacek is hit by Shane Gersich and loses puck.
11:44 of 1st period - Off-side.
11:45 of 1st period - Sean Malone wins face-off versus Drake Batherson in neutral zone.
12:05 of 1st period - Icing by Chris Thorburn.
12:06 of 1st period - Gerald Mayhew wins face-off versus Justin Dowling in Manitoba Moose zone.
12:15 of 1st period - Snap shot by Gerald Mayhew.
12:15 of 1st period - Shot Misses the Net.
12:33 of 1st period - Tom Pyatt is hit by Joni Tuulola and loses puck.
13:57 of 1st period - Snap shot by Tom Pyatt.
13:57 of 1st period - Stopped by Josef Korenar with a rebound.
13:59 of 1st period - Wrist shot by David Warsofsky.
13:59 of 1st period - Shot Misses the Net.
14:01 of 1st period - Snap shot by Tom Pyatt.
14:01 of 1st period - Shot Misses the Net.
14:30 of 1st period - Snap shot by Brendan Leipsic.
14:30 of 1st period - Stopped by Atte Tolvanen with a rebound.
14:38 of 1st period - Snap shot by Matt Lorito.
14:38 of 1st period - Shot Blocked by Andrew O'Brien.
14:42 of 1st period - Snap shot by Jan Kovar.
14:42 of 1st period - Shot Hit the Post.
14:44 of 1st period - Slapshot by Victor Mete.
14:44 of 1st period - Stopped by Josef Korenar with a rebound.
14:54 of 1st period - Gerald Mayhew is hit by Mathieu Olivier and loses puck.
15:24 of 1st period - Slapshot by Justin Dowling.
15:24 of 1st period - Shot Misses the Net.
16:25 of 1st period - Slapshot by Chris Thorburn.
16:25 of 1st period - Stopped by Josef Korenar without a rebound.
16:26 of 1st period - Justin Dowling wins face-off versus Gerald Mayhew in Bridgeport Sound Tigers zone.
16:31 of 1st period - Matt Hendricks is hit by Evan McEneny and loses puck.
16:42 of 1st period - Slapshot by Justin Scott.
16:42 of 1st period - Shot Blocked by Matt Hendricks.
16:49 of 1st period - Icing by Matt Hendricks.
16:50 of 1st period - Brendan Leipsic wins face-off versus Gerald Mayhew in Manitoba Moose zone.
17:41 of 1st period - Wrist shot by Shane Gersich.
17:41 of 1st period - Shot Misses the Net.
17:55 of 1st period - Slapshot by Matt Lorito.
17:55 of 1st period - Stopped by Josef Korenar with a rebound.
17:57 of 1st period - Wrist shot by Matt Lorito.
17:57 of 1st period - Shot Misses the Net.
18:01 of 1st period - Wrist shot by Jan Kovar.
18:01 of 1st period - Stopped by Josef Korenar with a rebound.
18:03 of 1st period - Wrist shot by Matt Lorito.
18:03 of 1st period - Goal by Matt Lorito - Bridgeport Sound Tigers : 1 - Manitoba Moose : 1.
18:04 of 1st period - Drake Batherson wins face-off versus Sean Malone in neutral zone.
18:07 of 1st period - Snap shot by Drake Batherson.
18:07 of 1st period - Shot Misses the Net.
18:15 of 1st period - Slapshot by Matt Grzelcyk.
18:15 of 1st period - Deflect By Luke Gazdic.
18:15 of 1st period - Shot Misses the Net.
18:15 of 1st period - Puck is out of play.
18:16 of 1st period - Drake Batherson wins face-off versus Matt Hendricks in Bridgeport Sound Tigers zone.
18:16 of 1st period - Drake Batherson is hit by Denis Gurianov.
18:43 of 1st period - Matt Roy is hit by Pierre Engvall and loses puck.
19:18 of 1st period - Slapshot by Chris Thorburn.
19:18 of 1st period - Stopped by Josef Korenar with a rebound.
19:20 of 1st period - Slapshot by Chris Thorburn.
19:20 of 1st period - Shot Misses the Net.
19:34 of 1st period - Snap shot by Justin Dowling.
19:34 of 1st period - Deflect By Michael Bunting.
19:34 of 1st period - Shot Misses the Net.
19:34 of 1st period - Puck is out of play.
19:35 of 1st period - Michael Spacek wins face-off versus Shane Gersich in Manitoba Moose zone.
19:36 of 1st period - Snap shot by Michael Bunting.
19:36 of 1st period - Stopped by Atte Tolvanen with a rebound.
19:38 of 1st period - Snap shot by Michael Spacek.
19:38 of 1st period - Shot Misses the Net.
19:40 of 1st period - Wrist shot by Mathieu Olivier.
19:40 of 1st period - Deflect By Michael Bunting.
19:40 of 1st period - Stopped by Atte Tolvanen with a rebound.
19:42 of 1st period - Snap shot by Michael Bunting.
19:42 of 1st period - Shot Misses the Net.
19:44 of 1st period - Snap shot by Michael Spacek.
19:44 of 1st period - Shot Misses the Net.
19:46 of 1st period - Slapshot by Joni Tuulola.
19:46 of 1st period - Stopped by Atte Tolvanen with a rebound.
19:56 of 1st period - Slapshot by Matt Grzelcyk.
19:56 of 1st period - Shot Hit the Post.
Goals for this period are 1 for Bridgeport Sound Tigers vs 1 for Manitoba Moose.
Shots for this period are 7 for Bridgeport Sound Tigers vs 12 for Manitoba Moose.

2nd period


0:01 of 2nd period - Gerald Mayhew wins face-off versus Drake Batherson in neutral zone.
0:07 of 2nd period - Off-side.
0:08 of 2nd period - Gerald Mayhew wins face-off versus Nicholas Caamano in neutral zone.
0:15 of 2nd period - Wrist shot by Denis Gurianov.
0:15 of 2nd period - Stopped by Josef Korenar without a rebound.
0:16 of 2nd period - Drake Batherson wins face-off versus Gerald Mayhew in Bridgeport Sound Tigers zone.
0:35 of 2nd period - Gerald Mayhew is hit by Matt Roy and loses puck.
2:09 of 2nd period - Gerald Mayhew is hit by Joni Tuulola and loses puck.
2:14 of 2nd period - Snap shot by Michael Bunting.
2:14 of 2nd period - Stopped by Atte Tolvanen with a rebound.
2:18 of 2nd period - Slapshot by Michael Bunting.
2:18 of 2nd period - Stopped by Atte Tolvanen with a rebound.
2:58 of 2nd period - Snap shot by Tom Pyatt.
2:58 of 2nd period - Shot Misses the Net.
3:00 of 2nd period - Wrist shot by Shane Gersich.
3:00 of 2nd period - Stopped by Josef Korenar without a rebound.
3:01 of 2nd period - Shane Gersich wins face-off versus Michael Spacek in Bridgeport Sound Tigers zone.
3:02 of 2nd period - Backhand shot by Tom Pyatt.
3:02 of 2nd period - Shot Misses the Net.
3:04 of 2nd period - Snap shot by Colin Greening.
3:04 of 2nd period - Shot Blocked by Michael Spacek.
3:18 of 2nd period - Snap shot by Shane Gersich.
3:18 of 2nd period - Stopped by Josef Korenar with a rebound.
3:20 of 2nd period - Wrist shot by Colin Greening.
3:20 of 2nd period - Shot Misses the Net.
3:22 of 2nd period - Snap shot by Shane Gersich.
3:22 of 2nd period - Stopped by Josef Korenar with a rebound.
3:24 of 2nd period - Snap shot by Colin Greening.
3:24 of 2nd period - Shot Misses the Net.
3:26 of 2nd period - Snap shot by Tom Pyatt.
3:26 of 2nd period - Stopped by Josef Korenar with a rebound.
3:28 of 2nd period - Snap shot by Colin Greening.
3:28 of 2nd period - Stopped by Josef Korenar with a rebound.
3:30 of 2nd period - Snap shot by Matt Bartkowski.
3:30 of 2nd period - Stopped by Josef Korenar without a rebound.
3:31 of 2nd period - Gerald Mayhew wins face-off versus Drake Batherson in Bridgeport Sound Tigers zone.
3:36 of 2nd period - Slapshot by Matt Hendricks.
3:36 of 2nd period - Shot Blocked by Brendan Leipsic.
3:38 of 2nd period - Snap shot by Gerald Mayhew.
3:38 of 2nd period - Stopped by Josef Korenar with a rebound.
3:40 of 2nd period - Wrist shot by Denis Gurianov.
3:40 of 2nd period - Shot Misses the Net.
3:42 of 2nd period - Snap shot by Denis Gurianov.
3:42 of 2nd period - Stopped by Josef Korenar with a rebound.
3:44 of 2nd period - Wrist shot by Gerald Mayhew.
3:44 of 2nd period - Shot Misses the Net.
3:46 of 2nd period - Wrist shot by Matt Hendricks.
3:46 of 2nd period - Shot Misses the Net.
4:04 of 2nd period - Slapshot by Matt Grzelcyk.
4:04 of 2nd period - Shot Misses the Net.
4:23 of 2nd period - Slapshot by Jan Kovar.
4:23 of 2nd period - Deflect By Matt Lorito.
4:23 of 2nd period - Stopped by Josef Korenar without a rebound.
4:24 of 2nd period - Denis Gurianov wins face-off versus Drake Batherson in Bridgeport Sound Tigers zone.
4:25 of 2nd period - Snap shot by Matt Hendricks.
4:25 of 2nd period - Stopped by Josef Korenar without a rebound.
4:26 of 2nd period - Gerald Mayhew wins face-off versus Drake Batherson in Bridgeport Sound Tigers zone.
4:35 of 2nd period - Snap shot by Denis Gurianov.
4:35 of 2nd period - Shot Blocked by Brendan Leipsic.
4:55 of 2nd period - Slapshot by Michael Bunting.
4:55 of 2nd period - Shot Misses the Net.
4:59 of 2nd period - Slapshot by Michael Spacek.
4:59 of 2nd period - Shot Misses the Net.
5:15 of 2nd period - Slapshot by Matt Roy.
5:15 of 2nd period - Stopped by Atte Tolvanen with a rebound.
5:17 of 2nd period - Wrist shot by Drake Batherson.
5:17 of 2nd period - Shot Misses the Net.
5:19 of 2nd period - Backhand shot by Matt Roy.
5:19 of 2nd period - Shot Blocked by Denis Gurianov.
5:39 of 2nd period - Slapshot by Justin Dowling.
5:39 of 2nd period - Shot Misses the Net.
5:43 of 2nd period - Snap shot by Justin Dowling.
5:43 of 2nd period - Stopped by Atte Tolvanen with a rebound.
5:53 of 2nd period - Snap shot by Michael Bunting.
5:53 of 2nd period - Stopped by Atte Tolvanen with a rebound.
5:55 of 2nd period - Slapshot by Michael Spacek.
5:55 of 2nd period - Stopped by Atte Tolvanen without a rebound.
5:56 of 2nd period - Michael Spacek wins face-off versus Sean Malone in Manitoba Moose zone.
6:21 of 2nd period - Wrist shot by Michael Bunting.
6:21 of 2nd period - Shot Hit the Post.
6:23 of 2nd period - Snap shot by Mathieu Olivier.
6:23 of 2nd period - Goal by Mathieu Olivier - Bridgeport Sound Tigers : 2 - Manitoba Moose : 1.
6:24 of 2nd period - Drake Batherson wins face-off versus Jan Kovar in neutral zone.
6:35 of 2nd period - Slapshot by Brendan Leipsic.
6:35 of 2nd period - Goal by Brendan Leipsic - Bridgeport Sound Tigers : 3 - Manitoba Moose : 1.
6:36 of 2nd period - Shane Gersich wins face-off versus Drake Batherson in neutral zone.
6:43 of 2nd period - Wrist shot by Drake Batherson.
6:43 of 2nd period - Stopped by Atte Tolvanen with a rebound.
7:25 of 2nd period - Wrist shot by Jan Kovar.
7:25 of 2nd period - Stopped by Josef Korenar without a rebound.
7:26 of 2nd period - Michael Spacek wins face-off versus Sean Malone in Bridgeport Sound Tigers zone.
7:38 of 2nd period - Chris Thorburn and Michael Spacek fight to a draw.
7:38 of 2nd period - Penalty to Chris Thorburn for Fighting.
7:38 of 2nd period - Penalty to Michael Spacek for Fighting.
7:39 of 2nd period - Gerald Mayhew wins face-off versus Drake Batherson in Bridgeport Sound Tigers zone.
8:12 of 2nd period - Snap shot by Shane Gersich.
8:12 of 2nd period - Shot Blocked by Jacob Middleton.
8:14 of 2nd period - Slapshot by Matt Grzelcyk.
8:14 of 2nd period - Shot Misses the Net.
9:09 of 2nd period - Snap shot by Gerald Mayhew.
9:09 of 2nd period - Deflect By Denis Gurianov.
9:09 of 2nd period - Shot Blocked by Justin Dowling.
9:09 of 2nd period - Puck is out of play.
9:10 of 2nd period - Sean Malone wins face-off versus Drake Batherson in Bridgeport Sound Tigers zone.
10:18 of 2nd period - Snap shot by Drake Batherson.
10:18 of 2nd period - Deflect By Ryan Lomberg.
10:18 of 2nd period - Stopped by Atte Tolvanen without a rebound.
10:19 of 2nd period - Gerald Mayhew wins face-off versus Steven Lorentz in Manitoba Moose zone.
10:46 of 2nd period - Jake Walman is hit by Justin Scott and loses puck.
10:53 of 2nd period - Slapshot by Luke Gazdic.
10:53 of 2nd period - Stopped by Josef Korenar with a rebound.
10:55 of 2nd period - Snap shot by Sean Malone.
10:55 of 2nd period - Stopped by Josef Korenar without a rebound.
10:56 of 2nd period - Jan Kovar wins face-off versus Drake Batherson in Bridgeport Sound Tigers zone.
11:01 of 2nd period - Wrist shot by Matt Lorito.
11:01 of 2nd period - Stopped by Josef Korenar with a rebound.
11:04 of 2nd period - Pierre Engvall beats up Nicholas Caamano.
11:04 of 2nd period - Penalty to Pierre Engvall for Fighting.
11:04 of 2nd period - Penalty to Nicholas Caamano for Fighting.
11:05 of 2nd period - Drake Batherson wins face-off versus Tom Pyatt in Bridgeport Sound Tigers zone.
11:28 of 2nd period - Icing by Matt Roy.
11:29 of 2nd period - Gerald Mayhew wins face-off versus Justin Dowling in Bridgeport Sound Tigers zone.
11:42 of 2nd period - Snap shot by Gerald Mayhew.
11:42 of 2nd period - Shot Misses the Net.
11:58 of 2nd period - Slapshot by Drake Batherson.
11:58 of 2nd period - Stopped by Atte Tolvanen with a rebound.
12:00 of 2nd period - Slapshot by Evan McEneny.
12:00 of 2nd period - Shot Misses the Net.
12:02 of 2nd period - Slapshot by Matt Roy.
12:02 of 2nd period - Stopped by Atte Tolvanen with a rebound.
12:04 of 2nd period - Slapshot by Evan McEneny.
12:04 of 2nd period - Stopped by Atte Tolvanen without a rebound.
12:05 of 2nd period - Gerald Mayhew wins face-off versus Drake Batherson in Manitoba Moose zone.
12:05 of 2nd period - Gerald Mayhew is hit by Brendan Leipsic.
12:38 of 2nd period - Off-side.
12:39 of 2nd period - Justin Dowling wins face-off versus Jan Kovar in neutral zone.
13:07 of 2nd period - Wrist shot by Gerald Mayhew.
13:07 of 2nd period - Stopped by Josef Korenar without a rebound.
13:08 of 2nd period - Gerald Mayhew wins face-off versus Michael Spacek in Bridgeport Sound Tigers zone.
13:23 of 2nd period - Wrist shot by Matt Hendricks.
13:23 of 2nd period - Deflect By Denis Gurianov.
13:23 of 2nd period - Shot Misses the Net.
13:23 of 2nd period - Puck is out of play.
13:24 of 2nd period - Joona Koppanen wins face-off versus Shane Gersich in Bridgeport Sound Tigers zone.
13:31 of 2nd period - Snap shot by Shane Gersich.
13:31 of 2nd period - Shot Blocked by Brendan Leipsic.
13:33 of 2nd period - Slapshot by Colin Greening.
13:33 of 2nd period - Shot Misses the Net.
13:35 of 2nd period - Slapshot by Brian Lashoff.
13:35 of 2nd period - Deflect By Brendan Leipsic.
13:35 of 2nd period - Stopped by Josef Korenar without a rebound.
13:36 of 2nd period - Shane Gersich wins face-off versus Drake Batherson in Bridgeport Sound Tigers zone.
14:07 of 2nd period - Wrist shot by Luke Gazdic.
14:07 of 2nd period - Stopped by Josef Korenar without a rebound.
14:08 of 2nd period - Sean Malone wins face-off versus Justin Dowling in Bridgeport Sound Tigers zone.
14:09 of 2nd period - Snap shot by Luke Gazdic.
14:09 of 2nd period - Shot Misses the Net.
14:11 of 2nd period - Snap shot by Luke Gazdic.
14:11 of 2nd period - Stopped by Josef Korenar with a rebound.
14:12 of 2nd period - Guillaume Brisebois and Joni Tuulola fight to a draw.
14:12 of 2nd period - Penalty to Guillaume Brisebois for Fighting.
14:12 of 2nd period - Penalty to Joni Tuulola for Fighting.
14:13 of 2nd period - Brendan Leipsic wins face-off versus Gerald Mayhew in Bridgeport Sound Tigers zone.
15:02 of 2nd period - Icing by Jacob Middleton.
15:03 of 2nd period - Michael Spacek wins face-off versus Shane Gersich in Bridgeport Sound Tigers zone.
15:16 of 2nd period - Snap shot by Shane Gersich.
15:16 of 2nd period - Goal by Shane Gersich - Bridgeport Sound Tigers : 3 - Manitoba Moose : 2.
15:17 of 2nd period - Jan Kovar wins face-off versus Drake Batherson in neutral zone.
15:20 of 2nd period - Wrist shot by Jan Kovar.
15:20 of 2nd period - Shot Misses the Net.
15:26 of 2nd period - Slapshot by Brendan Leipsic.
15:26 of 2nd period - Stopped by Atte Tolvanen without a rebound.
15:27 of 2nd period - Drake Batherson wins face-off versus Jan Kovar in Manitoba Moose zone.
15:54 of 2nd period - Wrist shot by Drake Batherson.
15:54 of 2nd period - Shot Misses the Net.
16:13 of 2nd period - Minor Penalty to Matt Roy for Tripping.
16:14 of 2nd period - Drake Batherson wins face-off versus Gerald Mayhew in Bridgeport Sound Tigers zone.
16:28 of 2nd period - Slapshot by Denis Gurianov.
16:28 of 2nd period - Shot Misses the Net.
16:30 of 2nd period - Wrist shot by Denis Gurianov.
16:30 of 2nd period - Deflect By Matt Hendricks.
16:30 of 2nd period - Shot Misses the Net.
16:30 of 2nd period - Puck is out of play.
16:31 of 2nd period - Drake Batherson wins face-off versus Jan Kovar in Bridgeport Sound Tigers zone.
17:18 of 2nd period - Snap shot by Jan Kovar.
17:18 of 2nd period - Deflect By Michael Spacek.
17:18 of 2nd period - Stopped by Josef Korenar with a rebound.
17:20 of 2nd period - Wrist shot by Jan Kovar.
17:20 of 2nd period - Stopped by Josef Korenar with a rebound.
18:10 of 2nd period - Jan Kovar is hit by Jacob Middleton and loses puck.
18:13 of 2nd period - Penalty to Matt Roy is over, Matt Roy is back on ice.
18:15 of 2nd period - Snap shot by Justin Dowling.
18:15 of 2nd period - Shot Blocked by Matt Lorito.
18:25 of 2nd period - Wrist shot by Matt Roy.
18:25 of 2nd period - Shot Blocked by Matt Grzelcyk.
18:27 of 2nd period - Snap shot by Justin Dowling.
18:27 of 2nd period - Deflect By Nicholas Caamano.
18:27 of 2nd period - Shot Misses the Net.
18:27 of 2nd period - Puck is out of play.
18:28 of 2nd period - Michael Spacek wins face-off versus Sean Malone in Manitoba Moose zone.
18:29 of 2nd period - Snap shot by Michael Bunting.
18:29 of 2nd period - Stopped by Atte Tolvanen with a rebound.
18:31 of 2nd period - Snap shot by Mathieu Olivier.
18:31 of 2nd period - Stopped by Atte Tolvanen with a rebound.
19:37 of 2nd period - Off-side.
19:38 of 2nd period - Steven Lorentz wins face-off versus Sean Malone in neutral zone.
19:41 of 2nd period - Snap shot by Ryan Lomberg.
19:41 of 2nd period - Deflect By Matt Grzelcyk.
19:41 of 2nd period - Stopped by Atte Tolvanen with a rebound.
19:51 of 2nd period - Slapshot by Matt Grzelcyk.
19:51 of 2nd period - Shot Blocked by Patrick Sieloff.
19:53 of 2nd period - Wrist shot by Luke Gazdic.
19:53 of 2nd period - Stopped by Josef Korenar with a rebound.
Goals for this period are 2 for Bridgeport Sound Tigers vs 1 for Manitoba Moose.
Shots for this period are 17 for Bridgeport Sound Tigers vs 23 for Manitoba Moose.

3rd period


0:01 of 3rd period - Gerald Mayhew wins face-off versus Drake Batherson in neutral zone.
0:10 of 3rd period - Wrist shot by Gerald Mayhew.
0:10 of 3rd period - Stopped by Josef Korenar with a rebound.
0:12 of 3rd period - Slapshot by Matt Grzelcyk.
0:12 of 3rd period - Stopped by Josef Korenar with a rebound.
0:14 of 3rd period - Slapshot by Victor Mete.
0:14 of 3rd period - Stopped by Josef Korenar without a rebound.
0:15 of 3rd period - Justin Dowling wins face-off versus Tom Pyatt in Bridgeport Sound Tigers zone.
0:20 of 3rd period - Victor Mete is hit by Justin Scott and loses puck.
0:41 of 3rd period - Joni Tuulola is hit by Chris Thorburn.
0:51 of 3rd period - Wrist shot by Luke Gazdic.
0:51 of 3rd period - Shot Misses the Net.
1:17 of 3rd period - Andreas Borgman is hit by Nicholas Caamano and loses puck.
1:36 of 3rd period - Snap shot by Michael Spacek.
1:36 of 3rd period - Shot Misses the Net.
1:38 of 3rd period - Wrist shot by Evan McEneny.
1:38 of 3rd period - Shot Blocked by Matt Lorito.
1:48 of 3rd period - Andreas Borgman is hit by Matt Roy and loses puck.
2:04 of 3rd period - Minor Penalty to Andrew O'Brien for High sticking.
2:05 of 3rd period - Drake Batherson wins face-off versus Jan Kovar in Bridgeport Sound Tigers zone.
2:13 of 3rd period - Drake Batherson is hit by Pierre Engvall and loses puck.
2:20 of 3rd period - Wrist shot by Jan Kovar.
2:20 of 3rd period - Shot Hit the Post.
2:36 of 3rd period - Evan McEneny is hit by Denis Gurianov and loses puck.
3:33 of 3rd period - Pierre Engvall is hit by Joona Koppanen.
4:04 of 3rd period - Penalty to Andrew O'Brien is over, Andrew O'Brien is back on ice.
4:14 of 3rd period - Justin Dowling is hit by Luke Gazdic and loses puck.
4:47 of 3rd period - Wrist shot by Ryan Lomberg.
4:47 of 3rd period - Shot Blocked by Matt Bartkowski.
5:19 of 3rd period - Snap shot by Mathieu Olivier.
5:19 of 3rd period - Shot Misses the Net.
5:35 of 3rd period - Chris Thorburn is hit by Andrew O'Brien and loses puck.
6:53 of 3rd period - Wrist shot by Brendan Leipsic.
6:53 of 3rd period - Goal by Brendan Leipsic - Bridgeport Sound Tigers : 4 - Manitoba Moose : 2.
6:54 of 3rd period - Drake Batherson wins face-off versus Gerald Mayhew in neutral zone.
6:57 of 3rd period - Matt Hendricks is hit by Nicholas Caamano and loses puck.
7:44 of 3rd period - Michael Spacek is hit by Shane Gersich and loses puck.
8:25 of 3rd period - Slapshot by Evan McEneny.
8:25 of 3rd period - Deflect By Matt Hendricks.
8:25 of 3rd period - Stopped by Atte Tolvanen without a rebound.
8:26 of 3rd period - Par Lindholm wins face-off versus Gerald Mayhew in Manitoba Moose zone.
8:29 of 3rd period - Slapshot by Justin Dowling.
8:29 of 3rd period - Deflect By Par Lindholm.
8:29 of 3rd period - Shot Misses the Net.
8:29 of 3rd period - Puck is out of play.
8:30 of 3rd period - Gerald Mayhew wins face-off versus Justin Dowling in Manitoba Moose zone.
8:48 of 3rd period - Wrist shot by Par Lindholm.
8:48 of 3rd period - Shot Misses the Net.
8:50 of 3rd period - Wrist shot by Justin Dowling.
8:50 of 3rd period - Stopped by Atte Tolvanen without a rebound.
8:51 of 3rd period - Drake Batherson wins face-off versus Shane Gersich in Manitoba Moose zone.
9:16 of 3rd period - Par Lindholm is hit by Jan Kovar and loses puck.
9:23 of 3rd period - Backhand shot by Jan Kovar.
9:23 of 3rd period - Shot Blocked by Matt Roy.
9:25 of 3rd period - Slapshot by Jake Walman.
9:25 of 3rd period - Deflect By Matt Roy.
9:25 of 3rd period - Stopped by Josef Korenar without a rebound.
9:26 of 3rd period - Gerald Mayhew wins face-off versus Par Lindholm in Bridgeport Sound Tigers zone.
9:33 of 3rd period - Snap shot by Gerald Mayhew.
9:33 of 3rd period - Stopped by Josef Korenar without a rebound.
9:34 of 3rd period - Justin Dowling wins face-off versus Gerald Mayhew in Bridgeport Sound Tigers zone.
9:56 of 3rd period - Snap shot by Denis Gurianov.
9:56 of 3rd period - Stopped by Josef Korenar without a rebound.
9:57 of 3rd period - Jan Kovar wins face-off versus Drake Batherson in Bridgeport Sound Tigers zone.
10:12 of 3rd period - Slapshot by David Warsofsky.
10:12 of 3rd period - Shot Misses the Net.
10:22 of 3rd period - Evan McEneny is hit by Shane Gersich and loses puck.
10:52 of 3rd period - Par Lindholm is hit by Matt Grzelcyk and loses puck.
11:07 of 3rd period - Snap shot by Luke Gazdic.
11:07 of 3rd period - Stopped by Josef Korenar without a rebound.
11:08 of 3rd period - Sean Malone wins face-off versus Drake Batherson in Bridgeport Sound Tigers zone.
11:23 of 3rd period - Snap shot by Sean Malone.
11:23 of 3rd period - Stopped by Josef Korenar with a rebound.
11:38 of 3rd period - Backhand shot by Gerald Mayhew.
11:38 of 3rd period - Stopped by Josef Korenar with a rebound.
11:56 of 3rd period - Slapshot by Matt Hendricks.
11:56 of 3rd period - Shot Blocked by Matt Roy.
11:58 of 3rd period - Backhand shot by Jan Kovar.
11:58 of 3rd period - Stopped by Josef Korenar without a rebound.
11:59 of 3rd period - Jan Kovar wins face-off versus Drake Batherson in Bridgeport Sound Tigers zone.
12:07 of 3rd period - Minor Penalty to Brendan Leipsic for Hooking.
12:08 of 3rd period - Drake Batherson wins face-off versus Matt Lorito in Bridgeport Sound Tigers zone.
14:07 of 3rd period - Penalty to Brendan Leipsic is over, Brendan Leipsic is back on ice.
14:37 of 3rd period - Slapshot by Justin Dowling.
14:37 of 3rd period - Stopped by Atte Tolvanen with a rebound.
14:57 of 3rd period - Slapshot by David Warsofsky.
14:57 of 3rd period - Stopped by Josef Korenar with a rebound.
14:59 of 3rd period - Backhand shot by Gerald Mayhew.
14:59 of 3rd period - Stopped by Josef Korenar with a rebound.
15:01 of 3rd period - Snap shot by Denis Gurianov.
15:01 of 3rd period - Shot Blocked by Brendan Leipsic.
15:03 of 3rd period - Slapshot by Denis Gurianov.
15:03 of 3rd period - Stopped by Josef Korenar without a rebound.
15:04 of 3rd period - Shane Gersich wins face-off versus Steven Lorentz in Bridgeport Sound Tigers zone.
15:06 of 3rd period - Shane Gersich beats up Steven Lorentz.
15:06 of 3rd period - Penalty to Shane Gersich for Fighting.
15:06 of 3rd period - Penalty to Steven Lorentz for Fighting.
15:07 of 3rd period - Tom Pyatt wins face-off versus Joona Koppanen in Bridgeport Sound Tigers zone.
15:08 of 3rd period - Slapshot by Matt Grzelcyk.
15:08 of 3rd period - Stopped by Josef Korenar with a rebound.
15:32 of 3rd period - Matt Grzelcyk is hit by Matt Roy and loses puck.
15:47 of 3rd period - Slapshot by Chris Thorburn.
15:47 of 3rd period - Stopped by Josef Korenar without a rebound.
15:48 of 3rd period - Drake Batherson wins face-off versus Jan Kovar in Bridgeport Sound Tigers zone.
17:06 of 3rd period - Snap shot by Michael Bunting.
17:06 of 3rd period - Shot Blocked by Gerald Mayhew.
17:08 of 3rd period - Snap shot by Michael Bunting.
17:08 of 3rd period - Stopped by Atte Tolvanen without a rebound.
17:09 of 3rd period - Jan Kovar wins face-off versus Justin Dowling in Manitoba Moose zone.
17:14 of 3rd period - Snap shot by Justin Dowling.
17:14 of 3rd period - Shot Blocked by David Warsofsky.
17:29 of 3rd period - Icing by Drake Batherson.
17:30 of 3rd period - Jan Kovar wins face-off versus Drake Batherson in Bridgeport Sound Tigers zone.
17:41 of 3rd period - Andreas Borgman is hit by Drake Batherson and loses puck.
17:50 of 3rd period - Wrist shot by Brendan Leipsic.
17:50 of 3rd period - Shot Misses the Net.
17:52 of 3rd period - Slapshot by Matt Roy.
17:52 of 3rd period - Stopped by Atte Tolvanen with a rebound.
17:54 of 3rd period - Slapshot by Drake Batherson.
17:54 of 3rd period - Stopped by Atte Tolvanen with a rebound.
17:56 of 3rd period - Slapshot by Evan McEneny.
17:56 of 3rd period - Stopped by Atte Tolvanen with a rebound.
17:58 of 3rd period - Slapshot by Matt Roy.
17:58 of 3rd period - Stopped by Atte Tolvanen without a rebound.
17:59 of 3rd period - Par Lindholm wins face-off versus Denis Gurianov in Manitoba Moose zone.
18:43 of 3rd period - Minor Penalty to Matt Grzelcyk for Holding.
18:44 of 3rd period - Chris Thorburn wins face-off versus Drake Batherson in Manitoba Moose zone.
18:44 of 3rd period - Chris Thorburn is hit by Brendan Leipsic.
18:58 of 3rd period - Snap shot by Colin Greening.
18:58 of 3rd period - Stopped by Josef Korenar without a rebound.
18:59 of 3rd period - Drake Batherson wins face-off versus Chris Thorburn in Bridgeport Sound Tigers zone.
19:32 of 3rd period - Wrist shot by Evan McEneny.
19:32 of 3rd period - Stopped by Atte Tolvanen with a rebound.
Goals for this period are 1 for Bridgeport Sound Tigers vs 0 for Manitoba Moose.
Shots for this period are 10 for Bridgeport Sound Tigers vs 16 for Manitoba Moose. Output by the SimonT Hockey Simulator (STHS) for Eric Tremblay - Original Page W3C HTML5 Valid
Hockey Simulator - Hockey Simulation - Hockey Manager